 Dungeon Crawl Stone Soup version 0.29.1-2-gbd0b4ee654 (webtiles) character file.

Game seed: 199235335263517385

10139 Goreval the Cleaver (level 11, -10/93 HPs)
             Began as a Palentonga Berserker on Nov 24, 2022.
             Was a High Priest of Trog.
             Mangled by a white ugly thing (16 damage)
             ... on level 10 of the Dungeon.
             The game lasted 00:22:52 (13867 turns).

Goreval the Cleaver (Palentonga Berserker)         Turns: 13867, Time: 00:22:53

Health: -10/93     AC: 18    Str: 33    XL:     11   Next: 32%
Magic:  11/11      EV: 11    Int:  7    God:    Trog [*****.]
Gold:   481        SH:  0    Dex: 10    Spells: 10/10 levels left

rFire   + . .      SeeInvis +   N - +2 war axe (freeze)
rCold   . . .      Faith    .   (no shield)
rNeg    . . .      Spirit   .   G - +3 leather armour
rPois   .          Reflect  .   b - +0 helmet
rElec   .          Harm     .   E - +0 cloak
rCorr   .          Rampage  .   (no gloves)
Will    .....                   (no barding)
Stlth   +.........              z - amulet of the acrobat
HPRegen 0.25/turn               u - +6 ring of strength
MPRegen 0.12/turn               D - ring of protection from fire

@: curled up
A: large, rugged brown scales 3, see invisible, deformed body, roll 1, armoured
tail, reflexive curl
a: Rolling Charge, Renounce Religion, Berserk, Trog's Hand, Brothers in Arms


You were on level 10 of the Dungeon.
You worshipped Trog.
Trog was extremely pleased with you.
You visited 1 branch of the dungeon, and saw 10 of its levels.

You collected 481 gold pieces.

Inventory:

Hand Weapons
 a - a +0 hand axe
 j - a +2 hand axe of venom
 B - a +2 flail of venom
 F - a +2 trident of freezing
 N - a +2 war axe of freezing (weapon)
Missiles
 I - a throwing net (quivered)
 K - 25 stones
Armour
 b - a +0 helmet (worn)
 x - a +0 buckler
 E - a +0 cloak (worn)
 G - a +3 leather armour (worn)
Jewellery
 u - a +6 ring of strength (left hand)
 z - an amulet of the acrobat (around neck)
 D - a ring of protection from fire (right hand)
Wands
 P - a wand of light (5)
Scrolls
 c - 2 scrolls of fog {unknown}
 d - 2 scrolls of poison {unknown}
 f - 9 scrolls of identify {unknown}
 h - 3 scrolls of fear {unknown}
 k - 2 scrolls of blinking {unknown}
 l - a scroll of acquirement {unknown}
 m - a scroll of immolation {unknown}
 n - a scroll of silence {unknown}
 r - 2 scrolls of magic mapping {unknown}
 s - a scroll of brand weapon {unknown}
 v - 2 scrolls of noise {unknown}
 w - 2 scrolls of amnesia {unknown}
 y - 7 scrolls of teleportation {unknown}
 H - a scroll of vulnerability {unknown}
Potions
 e - 12 potions of curing {unknown}
 g - a potion of resistance {unknown}
 i - 2 potions of attraction {unknown}
 o - 4 potions of haste {unknown}
 p - 3 potions of heal wounds {unknown}
 q - a potion of degeneration {unknown}
 t - 2 potions of mutation {unknown}
 A - 3 potions of brilliance {unknown}
 C - 4 potions of magic {unknown}
 J - a potion of berserk rage {unknown}
 L - a potion of cancellation {unknown}
 M - a potion of flight {unknown}
Miscellaneous
 O - a piece from Xom's chessboard (15/15)
 Q - a condenser vane


   Skills:
 + Level 8.6 Fighting
 * Level 11.8 Axes
 + Level 6.9 Armour
 + Level 6.9 Dodging


You had 10 spell levels left.
You didn't know any spells.
Your spell library was empty.

Dungeon Overview and Level Annotations

Branches:
Dungeon (10/15) Zot: 25950  Temple (0/1) D:5
   Lair: D:8-11         Orc: D:9-12

Altars:
Dithmenos
Kikubaaqudgha
Nemelex Xobeh
Trog
Yredelemnul

Shops:
D:3 :   D:8 (

Annotations:
D:6 2 transporters, Xenoroth98's ghost, novice KoBr
D:9 1 runed translucent door


Innate Abilities, Weirdness & Mutations

You are completely covered in rugged brown scales. (AC +3, +7% HP)
You have supernaturally acute eyesight. (SInv)
Armour fits poorly on your strangely shaped body.
You can roll at nearby foes to attack.
You have a long armoured tail.
You curl defensively after being hit. (AC +7*)


Message History

* * * LOW HITPOINT WARNING * * *
The tengu warrior claws you.
* * * LOW HITPOINT WARNING * * *
You closely miss the tengu warrior. The tengu warrior closely misses you.
The tengu warrior misses you. The tengu warrior claws you.
* * * LOW HITPOINT WARNING * * *
You barely miss the tengu warrior. You tail-slap the tengu warrior.
You kill the tengu warrior!
Trog accepts your kill.
You start resting.
As you open the door, it creaks loudly!
A cyclops comes into view.
Roll where?
Aim: a cyclops, quivering large rocks You roll forward with a clatter of scales!
You slice the cyclops!! You freeze the cyclops! The cyclops hits you.
You slash the cyclops! You freeze the cyclops.
You kill the cyclops!
Trog accepts your kill.
Things that are here:
4 large rocks; a cyclops corpse You open the door.
A white ugly thing comes into view.
The white ugly thing gurgles horribly!
Roll where?
Aim: a white ugly thing You roll forward with a clatter of scales!
You hit the white ugly thing but do no damage.
The white ugly thing stings you! The white ugly thing freezes you!!
You hit the white ugly thing. You tail-slap the white ugly thing!
The white ugly thing stings you but does no damage.
You hit the white ugly thing but do no damage.
You tail-slap the white ugly thing! The white ugly thing stings you!
The white ugly thing freezes you!!
* * * LOW HITPOINT WARNING * * *
You slash the white ugly thing! You freeze the white ugly thing.
The white ugly thing stings you!
* * * LOW HITPOINT WARNING * * *
The white ugly thing freezes you!
You die...

..###.#.....####............#
#.... ..# #.'.....#
####.........# ####. ..#
###.....# #.........# #. ###
#.....# #.........# #. #
####### ######.####### ### #
#...##...## #.) # +...####..#
#.# . #.u.# ##.# #.# #
##@######'### ###.# #
#...##......# #....
#.(.##..>...####....
#...#'......'..#....
######'###......##......
#...#...######'#####<...
#...')..# ###.# #####
#...#...# #...# ##'######
#.### ##


You could see a white ugly thing.

Vanquished Creatures
  2 two-headed ogres (D:10)
  A tengu warrior (D:10)
  Pikel (D:6)
  A cyclops (D:10)
  A gargoyle (D:10)
  A troll (D:10)
  Sigmund (D:4)
  A vampire (D:9)
  5 wyverns
  A wraith (D:5)
  7 yaks
  A vampire mosquito (D:10)
  A steam dragon (D:6)
  Edmund (D:6)
  Menkaure (D:4)
  4 orc warriors
  2 black bears
  A sky beast (D:8)
  2 ogres
  4 centaurs
  3 lemures (D:6)
  8 bullfrogs
  4 scorpions
  2 gnoll sergeants
  A water moccasin zombie (D:4)
  8 wights
  12 killer bees
  4 howler monkeys
  3 quasits
  A bullfrog zombie (D:4)
  A gnoll bouda (D:9)
  2 hounds
  4 orc priests
  Crazy Yiuf (D:6)
  14 orc wizards
  An iguana (D:4)
  4 scorpion zombies (D:4)
  16 gnolls
  6 adders
  7 shadow imps (D:5)
  2 white imps
  5 ufetubi
  An adder skeleton (D:4)
  A dart slug (D:2)
  45 orcs
  6 bats
  5 endoplasms
  4 giant cockroaches
  17 goblins
  3 hobgoblins (D:4)
  2 kobolds
  2 quokkas
  10 ball pythons
  15 frilled lizards
  8 rats
267 creatures vanquished.

Vanquished Creatures (others)
  A human (D:9)
  2 demonic plants (D:5)
  2 fungi (D:1)
  9 plants
14 creatures vanquished.

Grand Total: 281 creatures vanquished

Notes
Turn   | Place    | Note
-------+----------+-------------------------------------------
     0 | D:1      | Goreval the Palentonga Berserker began the quest for the
                  | Orb.
     0 | D:1      | Reached XP level 1. HP: 19/19 MP: 1/1
   269 | D:1      | Reached XP level 2. HP: 24/25 MP: 2/2
   552 | D:1      | Reached ** piety under Trog
   946 | D:1      | Found a faded altar of an unknown god.
  1195 | D:2      | Reached XP level 3. HP: 31/31 MP: 3/3
  1669 | D:2      | Reached XP level 4. HP: 37/37 MP: 4/4
  2205 | D:3      | Reached skill level 4 in Axes
  2770 | D:3      | Noticed an ogre
  2790 | D:3      | Killed an ogre
  2791 | D:3      | Reached XP level 5. HP: 21/44 MP: 5/5
  3209 | D:3      | Found Ufamohoa's Book Shop.
  3247 | D:3      | Found a basalt altar of Yredelemnul.
  3248 | D:3      | Found a shadowy altar of Dithmenos.
  3248 | D:3      | Found a sparkling altar of Nemelex Xobeh.
  3250 | D:3      | Found a bloodstained altar of Trog.
  3419 | D:4      | Reached XP level 6. HP: 24/51 MP: 6/6
  3691 | D:4      | Reached *** piety under Trog
  3691 | D:4      | Noticed Menkaure
  3706 | D:4      | Killed Menkaure
  3707 | D:4      | Reached skill level 5 in Axes
  4058 | D:4      | Gained mutation: You curl defensively after being hit. (AC
                  | +7*) [Palentonga growth]
  4058 | D:4      | Reached XP level 7. HP: 52/58 MP: 7/7
  4378 | D:4      | Reached skill level 6 in Axes
  4466 | D:4      | Noticed Sigmund
  4475 | D:4      | Killed Sigmund
  4803 | D:5      | Entered Level 5 of the Dungeon
  4880 | D:5      | Reached skill level 5 in Fighting
  4892 | D:5      | Reached XP level 8. HP: 66/66 MP: 8/8
  5283 | D:5      | Reached skill level 7 in Axes
  6048 | D:5      | Found a staircase to the Ecumenical Temple.
  6077 | D:5      | Reached **** piety under Trog
  6877 | D:6      | Noticed an unseen horror
  6878 | D:6      | Noticed Xenoroth98's ghost (novice KoBr)
  6884 | D:6      | Found a transporter.
  6887 | D:6      | Found a transporter.
  6929 | D:6      | Reached skill level 8 in Axes
  6933 | D:6      | Noticed Pikel
  6936 | D:6      | Noticed Edmund
  6943 | D:6      | Killed Pikel
  6944 | D:6      | Reached XP level 9. HP: 25/73 MP: 9/9
  6948 | D:6      | Killed Edmund
  7323 | D:6      | Reached skill level 5 in Dodging
  7384 | D:6      | Reached skill level 5 in Armour
  7399 | D:6      | Reached skill level 9 in Axes
  7784 | D:6      | Found a runed translucent door.
  7785 | D:6      | Noticed Crazy Yiuf
  7898 | D:6      | Killed Crazy Yiuf
  9128 | D:7      | Reached XP level 10. HP: 84/84 MP: 10/10
  9949 | D:8      | Reached skill level 10 in Axes
 10969 | D:8      | Found Bemp's Firing Range.
 11615 | D:9      | Reached ***** piety under Trog
 12017 | D:9      | Found an ancient bone altar of Kikubaaqudgha.
 12259 | D:9      | Reached skill level 11 in Axes
 12428 | D:9      | Found a runed translucent door.
 12822 | D:10     | Entered Level 10 of the Dungeon
 12822 | D:10     | Noticed a gargoyle
 12917 | D:10     | Killed a gargoyle
 12938 | D:10     | Noticed a two-headed ogre
 12942 | D:10     | Killed a two-headed ogre
 12943 | D:10     | Reached XP level 11. HP: 74/92 MP: 11/11
 12945 | D:10     | Noticed a two-headed ogre
 12955 | D:10     | Killed a two-headed ogre
 13535 | D:10     | Noticed a tengu warrior
 13545 | D:10     | Killed a tengu warrior
 13863 | D:10     | Noticed a white ugly thing
 13867 | D:10     | Mangled by a white ugly thing

Illustrated notes

Levels and vault maps discovered:
D:1:      dpeg_arrival_fog, layout_loops_ring, ebering_ecumenical_altar_rust,
          serial_park_tiny_2, dreamdust_mushroom_princess, minmay_lizard_king
D:2:      layout_loops_corners, kennysheep_generic_room_5
D:3:      layout_loops_ring, minitemple, serial_shops, shop,
          minmay_ogre_servants
D:4:      layout_loops_ring, serial_undead, serial_undead_d, serial_undead_e,
          serial_undead_c, serial_undead_d, chequers_serial_rivers_small_a,
          st_stairs_1, grunt_ministairs_15, uniq_sigmund, uniq_menkaure
D:5:      layout_cave_pods, minmay_temple_entry_waves, serial_demonic,
          serial_demonic_d, serial_demonic_b, serial_demonic_f,
          serial_demonic_a, serial_demonic_c, serial_demonic_d, serial_demonic_a
D:6:      layout_basic, gammafunk_ghost_arena, chequers_jeans,
          uniq_crazy_yiuf_cottage, uniq_pikel, uniq_edmund
D:7:      black_bear_nest_1, layout_rooms, serial_co_window_serial,
          co_window_paths_b, co_window_paths_b, co_window_of_opportunity_a,
          co_window_paths_b, co_window_of_opportunity_a, co_window_paths_a,
          co_window_corner_a, co_window_of_opportunity_a, co_window_paths_a,
          co_window_unsneaky_path_a, co_window_corner_b, co_window_corner_b,
          co_window_corner_b, co_window_corner_b, glass_columns_b,
          glass_columns_a, glass_columns_a
D:8:      layout_basic, nicolae_shop_firing_range
D:9:      gammafunk_indiana_jones, layout_loops_ring, tgw_kikubaaqudgha
D:10:     layout_roguey, mainiacjoe_overflow_tiny_flanked, minmay_evil_grid

Skill      XL: |  1  2  3  4  5  6  7  8  9 10 |
---------------+-------------------------------+-----
Armour         | 2 3 4 5 6 |  6.9
Dodging        | 2 3 4 5 6 |  6.9
Axes           | 4 5 6 8 9 11 | 11.8
Fighting       | 4 5 6 7 8 |  8.6

Action                   |  1- 3 |  4- 6 |  7- 9 | 10-12 || total
-------------------------+-------+-------+-------+-------++-------
Melee: Hand axe          |    94 |   165 |   257 |   216 ||   732
       Tailslap          |     7 |    25 |    55 |    46 ||   133
       Punch             |     1 |     1 |     4 |     5 ||    11
       Flail             |       |       |   126 |       ||   126
       Trident           |       |       |     6 |       ||     6
       War axe           |       |       |       |    62 ||    62
Throw: Stone             |       |    11 |    25 |     2 ||    38
Invok: Berserk           |     1 |     2 |     4 |     2 ||     9
       Trog's Hand       |       |       |     2 |     1 ||     3
 Abil: Rolling Charge    |    12 |     1 |    29 |    36 ||    78
 Stab: Confused          |       |       |     1 |       ||     1
Armor: Animal skin       |    27 |       |       |       ||    27
       Chain mail        |    32 |    75 |   292 |       ||   399
       Leather armour    |       |       |     9 |    76 ||    85
Dodge: Dodged            |    29 |    32 |   217 |   114 ||   392
